 Dungeon Crawl Stone Soup version 0.22.0-38-g04b72b8 (webtiles) character file.

44 ubloh the Caller (level 3, -2/24 HPs)
             Began as a Mummy Summoner on Aug 31, 2018.
             Slain by an adder (4 damage)
             ... on level 1 of the Dungeon.
             The game lasted 00:11:40 (3383 turns).

ubloh the Caller (Mummy Summoner)                   Turns: 3383, Time: 00:11:41

Health: -2/24      AC:  2    Str: 11    XL:     3   Next: 41%
Magic:  1/8        EV: 12    Int: 15    God:
Gold:   42         SH:  0    Dex: 12    Spells: 6/9 levels left

rFire    x . .     SeeInvis .   f - +0 short sword
rCold    + . .     Gourm    .   (no shield)
rNeg     + + +     Faith    .   a - +0 robe
rPois    ∞         Spirit   .   (no helmet)
rElec    .         Reflect  .   (no cloak)
rCorr    .         Harm     .   (no gloves)
MR       .....                  (no boots)
Stlth    ++........             (no amulet)
HPRegen  0.08/turn              (no ring)
MPRegen  0.11/turn              (no ring)

@: very slightly contaminated
A: no food or potions, fire vulnerability, cold resistance 1, negative energy
resistance 3, torment resistance, unbreathing
a: no special abilities


You were on level 1 of the Dungeon.
You were not hungry.

You visited 1 branch of the dungeon, and saw 2 of its levels.

You collected 42 gold pieces.

Inventory:

Hand Weapons
 f - a +0 short sword (weapon)
Armour
 a - a +0 robe (worn)
Scrolls
 b - 3 scrolls of teleportation {unknown}
 c - a scroll of noise {unknown}
 d - a scroll of enchant weapon {unknown}
 e - 2 scrolls of identify {unknown}


   Skills:
 + Level 0.2 Fighting
 - Level 1.5 Dodging
 - Level 1.5 Stealth
 + Level 3.5 Spellcasting
 * Level 4.0 Summonings


You had 6 spell levels left.
You knew the following spells:

 Your Spells              Type           Power        Failure   Level  Hunger
a - Summon Small Mammal   Summ           ##..         3%          1    N/A
b - Call Imp              Summ           ##......     5%          2    N/A

Your spell library contained the following spells:

 Spells                   Type           Power        Failure   Level  Hunger
 Call Canine Familiar     Summ           ##......     11%         3    N/A
 Summon Guardian Golem    Hex/Summ       #.......     26%         3    N/A
 Summon Ice Beast         Ice/Summ       #.......     63%         4    N/A
 Summon Lightning Spire   Summ/Air       #.......     63%         4    N/A

Dungeon Overview and Level Annotations

Branches:
Dungeon (2/15)

Altars:


Innate Abilities, Weirdness & Mutations

You do not eat or drink.
Your flesh is vulnerable to fire.
You are immune to poison.
Your flesh is cold resistant. (rC+)
You are immune to negative energy. (rN+++)
You are immune to unholy pain and torment.
You can survive without breathing.


Message History

You climb upwards.
There is a stone staircase leading down here.
Casting: Call Imp (safe; 5% risk of failure)
Confirm with . or Enter, or press ? or * to list all spells.
You miscast Call Imp.
You are very lightly contaminated with residual magic.
You hear strange voices.
The adder bites you.
Casting: Call Imp (safe; 5% risk of failure)
Confirm with . or Enter, or press ? or * to list all spells.
The adder closely misses you.
You barely miss the adder. The adder barely misses you. The adder bites you.
* * * LOW HITPOINT WARNING * * *
You barely miss the adder. The adder barely misses you.
Your rat barely misses the adder.
You closely miss the adder. The adder barely misses you.
Your rat barely misses the adder.
The adder bites you.
* * * LOW HITPOINT WARNING * * *
You barely miss the adder. The adder bites you.
You die...

#####........#P.P.♣♣♣♣♣♣♣.#
..............PP.♣♣P♣♣♣...#
.............#(...PP.♣♣.#.#
.............##.....P.##..#
.....†#########...###....##
######...........## ####.#
#..†........# ##.#
#..........S######..#
#.........r@.......######
#..........####.####....#
#..........# #.####.#.##
#........!.####....#.#.##
#..P.########...........#
#.♣..# #.####.#.#### ##...#
#.# #.#.# ##### ####.#
#.#.# #....# #.#.#


You could see an adder and a friendly rat.

Vanquished Creatures
  A goblin (D:1)
  A hobgoblin (D:2)
  A jackal (D:1)
  6 bats
  A kobold (D:1)
  3 rats
  4 bushes (D:1)
  2 plants (D:1)
19 creatures vanquished.

Vanquished Creatures (collateral kills)
  3 adders (D:2)
  2 dart slugs
  A bat (D:2)
  4 giant cockroaches (D:1)
  4 goblins (D:1)
  3 hobgoblins
  3 jackals (D:1)
  2 kobolds
  2 ball pythons
  A quokka skeleton (D:2)
  2 rats
27 creatures vanquished.

Vanquished Creatures (others)
  3 plants (D:1)
3 creatures vanquished.

Grand Total: 49 creatures vanquished

Notes
Turn   | Place    | Note
-------+----------+-------------------------------------------
     0 | D:1      | ubloh the Mummy Summoner began the quest for the Orb.
     0 | D:1      | Reached XP level 1. HP: 13/13 MP: 4/4
   671 | D:1      | Reached XP level 2. HP: 18/19 MP: 3/6
  1746 | D:1      | Learned a level 2 spell: Call Imp
  3094 | D:2      | Reached XP level 3. HP: 24/24 MP: 5/7
  3234 | D:2      | Reached skill level 4 in Summonings
  3383 | D:1      | Slain by an adder

Skill      XL: |  1  2  3 |
---------------+----------+-----
Spellcasting   | 3 |  3.5
Summonings     | 4 |  4.0
Fighting       | |  0.2
Dodging        | |  1.5
Stealth        | |  1.5

Action                   || total
-------------------------++-------
Melee: Unarmed           ||   233
       Dagger            ||   186
       Short sword       ||   792
 Cast: Summon Small Mamm ||    38
       Call Imp          ||    16
 Stab: Sleeping          ||     1
Armor: Robe              ||    27
Dodge: Dodged            ||    80
